 Dungeon Crawl Stone Soup version 0.26.1-2-gb8aa6d0cf2 (webtiles) character file.

Game seed: 545611096944068635

304 Groucho the Covert (level 6, -3/29 HPs)
             Began as a Spriggan Enchanter on Feb 17, 2021.
             Slain by a worm (8 damage)
             ... on level 5 of the Dungeon.
             The game lasted 00:12:47 (8300 turns).

Groucho the Covert (Spriggan Enchanter)             Turns: 8300, Time: 00:12:48

Health: -3/29      AC:  2    Str:  6    XL:     6   Next: 15%
Magic:  3/12       EV: 18    Int: 16    God:
Gold:   222        SH:  0    Dex: 17    Spells: 0/12 levels left

rFire    . . .     SeeInvis +   a - +1 dagger
rCold    . . .     Faith    .   (shield restricted)
rNeg     . . .     Spirit   .   b - +0 robe
rPois    .         Reflect  .   (helmet restricted)
rElec    .         Harm     .   i - scarf {+Inv}
rCorr    .         Rampage  .   (gloves unavailable)
Will     +....                  (boots unavailable)
Stlth    ++++......             (no amulet)
HPRegen  0.09/turn              (no ring)
MPRegen  0.13/turn              (no ring)

@: confusing touch, very slightly contaminated, very quick
A: very small, unfitting armour, see invisible, speed 3
a: Evoke Invisibility


You were on level 5 of the Dungeon.
You visited 1 branch of the dungeon, and saw 5 of its levels.

You collected 222 gold pieces.

Inventory:

Hand Weapons
 a - a +1 dagger (weapon)
 y - a cursed -3 rapier
Missiles
 f - 7 curare-tipped darts
 j - 9 poisoned darts
 x - 4 boomerangs (quivered)
Armour
 b - a +0 robe (worn)
 i - a scarf of invisibility (worn)
Jewellery
 c - an uncursed amulet of faith
 d - a +6 ring of strength {unknown}
 n - an uncursed ring of poison resistance {unknown}
Wands
 B - a wand of digging (3)
Scrolls
 g - a scroll of immolation
 h - 3 scrolls of teleportation
 k - 4 scrolls of identify
 l - a scroll of fear
 m - a scroll of amnesia
 q - a scroll of blinking
 r - a scroll of remove curse
 s - a scroll of enchant armour {unknown}
 u - a scroll of magic mapping {unknown}
 A - a scroll of fog {unknown}
Potions
 e - 2 potions of might
 o - a potion of haste {unknown}
 p - a potion of lignification {unknown}
 t - a potion of curing
 v - a potion of attraction {unknown}
 w - a potion of invisibility {unknown}
 z - a potion of flight {unknown}


   Skills:
 - Level 0.4 Fighting
 - Level 1.1 Short Blades
 - Level 3.0 Dodging
 * Level 8.6 Stealth
 + Level 3.8 Spellcasting
 + Level 4.5 Hexes
 + Level 2.6 Evocations


You couldn't memorise any spells.
You knew the following spells:

 Your Spells              Type           Power        Failure   Level
a - Corona                Hex            18%          2%          1
b - Ensorcelled Hibernat  Hex/Ice        20%          11%         2
c - Confusing Touch       Hex            17%          9%          3
d - Tukima's Dance        Hex            17%          9%          3
e - Dazzling Flash        Conj/Hex       20%          21%         3

Your spell library contained the following spells:

 Spells                   Type           Power        Failure   Level
 Slow                     Hex            17%          4%          2
 Magic Dart               Conj           12%          17%         1
 Blink                    Tloc           N/A          26%         2
 Call Imp                 Summ           3%           26%         2
 Conjure Flame            Conj/Fire      3%           45%         3
 Mephitic Cloud           Conj/Pois/Air  3%           45%         3


Dungeon Overview and Level Annotations

Branches:
Dungeon (5/15)
 Temple: D:4-7

Altars:
Ashenzari
Makhleb


Innate Abilities, Weirdness & Mutations

You are very small and have problems with some larger weapons.
You are too small for most types of armour.
You have supernaturally acute eyesight. (SInv)
You cover ground extremely quickly.


Message History

The spell is quite dangerous to cast (9% risk of failure)!
Continue anyway? [Y]es or [N]o only, please.
The spell is quite dangerous to cast (9% risk of failure)!
Continue anyway?
Your hands begin to glow red.
The bullfrog zombie hits you.
You hit the bullfrog zombie but do no damage.
The bullfrog zombie is lightly damaged.
The bullfrog zombie completely misses you.
The worm bites you! The bullfrog zombie barely misses you.
You hit the worm but do no damage.
The worm appears confused.
The bullfrog zombie hits you.
* * * LOW HITPOINT WARNING * * *
Unknown command.
Unknown command.
Casting: Confusing Touch (quite dangerous; 9% risk of failure)
Confirm with . or Enter, or press ? or * to list all spells.
The spell is quite dangerous to cast (9% risk of failure)!
Continue anyway?
Your hands begin to glow red.
The bullfrog zombie hits you.
* * * LOW HITPOINT WARNING * * *
The worm bites you!
You die...

...#.#...[.........#
...#.#.......#####.#
...........### .
.###.###...# .## .#
#.###...## ..#
.###.##.....## #.#
.....#.......## ##.##
.####.........####...##
....+.........+Z@w....#
.####.......^.####...##
## ##.(.....## ##.## #
##.....## #.# ##...##
##.# ##'## #..# #.#
#.## #.# #.# ##.## #.#


You could see a worm (confused) and a bullfrog zombie.

Vanquished Creatures
  An orc wizard (D:3)
  An iguana (D:4)
  A worker ant (D:4)
  7 gnolls (D:3)
  6 adders
  A white imp (D:5)
  An ooze (D:3)
  4 dart slugs
  2 worms
  A leopard gecko (D:2)
  6 orcs
  2 giant cockroaches
  10 goblins
  7 hobgoblins
  5 kobolds
  4 quokkas
  A ball python (D:4)
  10 bats
  2 frilled lizards
  A jackal skeleton (D:4)
  A jackal zombie (D:5)
  10 rats
84 creatures vanquished.

Notes
Turn   | Place    | Note
-------+----------+-------------------------------------------
     0 | D:1      | Groucho the Spriggan Enchanter began the quest for the Orb.
     0 | D:1      | Reached XP level 1. HP: 9/9 MP: 5/5
   137 | D:1      | Reached skill level 5 in Stealth
   598 | D:1      | Reached XP level 2. HP: 8/13 MP: 6/6
  1062 | D:1      | Learned a level 2 spell: Ensorcelled Hibernation
  1226 | D:1      | Reached skill level 6 in Stealth
  1422 | D:2      | Reached XP level 3. HP: 14/16 MP: 0/8
  2259 | D:1      | Reached skill level 7 in Stealth
  2418 | D:2      | Learned a level 3 spell: Confusing Touch
  2557 | D:2      | Found a burning altar of Makhleb.
  3214 | D:2      | Reached XP level 4. HP: 14/21 MP: 9/9
  3761 | D:3      | Reached skill level 1 in Evocations
  4412 | D:3      | Found a broken altar of Ashenzari.
  4693 | D:4      | Reached XP level 5. HP: 20/25 MP: 2/10
  5419 | D:3      | Reached skill level 8 in Stealth
  6695 | D:4      | Reached XP level 6. HP: 29/29 MP: 12/12
  7482 | D:5      | Entered Level 5 of the Dungeon
  8021 | D:5      | Learned a level 3 spell: Tukima's Dance
  8025 | D:5      | Learned a level 3 spell: Dazzling Flash
  8300 | D:5      | Slain by a worm

Illustrated notes

Levels and vault maps discovered:
D:1:      roderic_crop_circles_arrival_small, layout_basic, solitary_fountain,
          chequers_serial_rivers_small_a, minmay_statues_item, minmay_ruptured
D:2:      layout_loops_corners, wad_floor_pattern_1, bloody_makhleb
D:3:      layout_basic, nicolae_ashenzari_panopticon
D:4:      layout_basic, minivault_19
D:5:      layout_loops_corners, general_overflow_altar,
          chequers_hall_statues_corner_a

Skill      XL: |  1  2  3  4  5 |
---------------+----------------+-----
Stealth        | 5 6 7 8 |  8.6
Spellcasting   | 3 |  3.8
Evocations     | 1 2 |  2.6
Hexes          | 4 |  4.5
Fighting       | |  0.4
Short Blades   | |  1.1
Dodging        | |  3.0

Action                   |  1- 3 |  4- 6 || total
-------------------------+-------+-------++-------
Melee: Dagger            |   134 |    93 ||   227
Throw: Dart              |       |    43 ||    43
 Cast: Ensorcelled Hiber |    12 |    29 ||    41
       Confusing Touch   |       |    10 ||    10
       Corona            |       |     2 ||     2
  Use: Scroll            |     1 |     6 ||     7
       Potion            |       |     3 ||     3
 Stab: Sleeping          |    17 |    25 ||    42
       Confused          |       |     6 ||     6
Armor: Robe              |     9 |     5 ||    14
Dodge: Dodged            |    96 |    68 ||   164
